Canucks vs MapleLeafs

Created - January-28-15 at 17:27

Goals
1 2 3 T
Canucks 1 3 1 5
MapleLeafs 1 0 2 3
Shots
1 2 3 T
Canucks 8 11 10 29
MapleLeafs 10 13 12 35

1st period

1. MapleLeafs , Patrick Marleau 24 (Alexei Emelin, Antoine Roussel) at 1:39
2. Canucks , Ryan OReilly 20 (Logan Couture, Phil Kessel) at 3:59

Penalties :
P.K. Subban (VAN) for Tripping (Minor) at 9:49, Milan Lucic (TOR) for Roughing (Minor) at 15:25

2nd period

3. Canucks , Ryan OReilly 21 (Phil Kessel, Erik Karlsson) at 1:03
4. Canucks , P.K. Subban 2 (Alex Pietrangelo, Ryan Johansen) at 7:41 (PP)
5. Canucks , Jonas Brodin 3 (Brent Burns, Justin Braun) at 18:31

Penalties :
Evander Kane (TOR) for Holding Stick (Minor) at 4:56, Chris Kreider (VAN) for Roughing (Minor) at 4:56, Eric Gelinas (TOR) for Hooking (Minor) at 7:05, Alexei Emelin (TOR) for Tripping (Minor) at 11:25, Adam Henrique (VAN) for Hooking (Minor) at 14:21, Alexei Emelin (TOR) for Tripping (Minor) at 18:34

3rd period

6. Canucks , Erik Karlsson 11 (Ryan Johansen, Claude Giroux) at 1:53
7. MapleLeafs , Devante Smith-Pelly 1 (Jay Bouwmeester, Brock Nelson) at 10:20
8. MapleLeafs , Nick Holden 4 (Vladimir Tarasenko, Evander Kane) at 10:58

Penalties :
Adam Henrique (VAN) for Hooking (Minor) at 5:06

Goalie Stats

Dustin Tokarski (VAN), 32 saves from 35 shots - (0.914), W, 6-2-1, 60:00 minutes
Petr Mrazek (TOR), 11 saves from 12 shots - (0.917), 21:29 minutes
Ryan Miller (TOR), 13 saves from 17 shots - (0.765), L, 14-16-0, 38:31 minutes

Players Stats for Canucks

Player Name              G  A  P  +/- PIM S  H  SB GA TA FO     MP     PP MP  PK MP  
------------------------------------------------------------------------------------
Adam Henrique            0  0  0   0  4   0  1  0  0  0  4/5    17:55   0:00   0:38 
Alex Pietrangelo         0  1  1   0  0   1  0  0  0  0  0/0    23:36   3:16   2:32 
Andrei Markov            0  0  0   0  0   1  1  2  0  0  0/0    18:45   0:00   2:32 
Brent Burns              0  1  1   0  0   1  2  0  0  0  0/0    15:43   3:17   0:00 
Chris Kreider            0  0  0   0  2   1  2  0  0  0  0/1    13:25   0:00   2:03 
Claude Giroux            0  1  1   0  0   6  0  0  0  0  10/24  19:57   4:10   0:00 
Dmitry Kulikov           0  0  0   1  0   1  0  0  0  0  0/0     2:29   0:00   0:00 
Erik Karlsson            1  1  2   1  0   4  4  0  0  0  0/0    20:56   3:17   0:00 
Jonas Brodin             1  0  1   0  0   2  1  1  0  0  0/0    14:25   0:00   3:25 
Justin Braun             0  1  1   0  0   1  0  0  0  0  0/0    14:25   0:00   3:25 
Logan Couture            0  1  1   1  0   0  1  0  0  0  11/22  20:11   2:23   3:07 
Marcus Kruger            0  0  0   0  0   1  0  1  0  0  3/7     7:29   0:00   2:26 
Nazem Kadri              0  0  0   0  0   1  1  0  0  0  5/16   14:37   2:23   0:24 
P.K. Subban              1  0  1   0  2   2  5  0  0  0  0/0    21:03   3:16   0:00 
Phil Kessel              0  2  2   1  0   0  0  0  0  0  0/1    22:31   4:10   0:00 
Ryan Johansen            0  2  2   0  0   2  0  0  0  0  1/1    19:57   4:10   0:00 
Ryan OReilly             2  0  2   1  0   5  0  0  0  0  3/10   20:20   2:23   3:16 
Vladimir Sobotka         0  0  0   0  0   0  2  0  0  0  0/0     4:16   0:00   0:00 

Players Stats for MapleLeafs

Player Name              G  A  P  +/- PIM S  H  SB GA TA FO     MP     PP MP  PK MP  
------------------------------------------------------------------------------------
Alexei Emelin            0  1  1   0  4   2  4  0  0  0  0/0    20:30   3:17   1:21 
Antoine Roussel          0  1  1   0  0   0  3  0  0  0  0/0    16:08   2:32   0:00 
Antoine Vermette         0  0  0  -1  0   4  0  0  0  0  20/29  20:06   2:32   1:24 
Brandon Gormley          0  0  0   1  0   0  0  0  0  0  0/0     3:31   0:00   0:34 
Brock Nelson             0  1  1   0  0   2  0  1  0  0  7/13   12:20   0:00   0:00 
Devante Smith-Pelly      1  0  1   0  0   1  3  0  0  0  1/3    16:31   0:00   0:00 
Eric Gelinas             0  0  0   0  2   0  0  0  0  0  0/0    11:17   0:00   0:18 
Evander Kane             0  1  1  -1  2   6  5  1  0  0  1/1    24:10   3:25   4:36 
Gregory Campbell         0  0  0   0  0   1  0  0  0  0  2/4     6:08   0:00   1:02 
Jay Beagle               0  0  0   0  0   0  2  0  0  0  1/1    11:07   0:00   0:00 
Jay Bouwmeester          0  1  1  -1  0   3  2  0  0  0  0/0    25:59   2:40   2:43 
Linden Vey               0  0  0   0  0   1  0  0  0  0  0/1     4:38   0:00   0:00 
Milan Lucic              0  0  0   0  2   5  2  1  0  0  0/0    17:02   2:32   0:55 
Nick Holden              1  0  1  -2  0   2  3  1  0  0  0/0    23:02   2:40   2:43 
Nikita Nikitin           0  0  0   0  0   1  0  1  0  0  0/0    22:43   3:17   3:32 
Patrick Marleau          1  0  1   0  0   3  0  0  0  0  18/35  23:41   3:25   5:09 
Scott Mayfield           0  0  0   0  0   0  0  1  0  0  0/0    12:55   0:00   1:55 
Vladimir Tarasenko       0  1  1  -1  0   4  0  0  0  0  0/0    19:35   3:25   0:00 

3 Stars

1 - Erik Karlsson (VAN)
2 - Ryan OReilly (VAN)
3 - Devante Smith-Pelly (TOR)

Power Play

Canucks - 1 on 4 Attempt(s) - 25.00%
MapleLeafs - 0 on 3 Attempt(s) - 0.00%

Penalty Kill

Canucks - 3 on 3 Attempt(s) - 100.00% - Score 0 goal in Penalty Kill
MapleLeafs - 3 on 4 Attempt(s) - 75.00% - Score 0 goal in Penalty Kill

Team Stat

Canucks - Hits : 20 - Faceoff Wins : 37 - Blocked Shots : 4 - Penalty Minutes : 8
MapleLeafs - Hits : 24 - Faceoff Wins : 50 - Blocked Shots : 6 - Penalty Minutes : 10

Official

Referees : Stephen Walkom and Tim Peel
Linesman : Scott Cherrey and Tim Nowak

Game Notes

Petr Mrazek enters game at 18:31 of 2nd period

Finance

Level 1 -- Attendance: 6448 (99.20%) -- Ticket Income $644,800
Level 2 -- Attendance: 4316 (86.32%) -- Ticket Income $323,700
Level 3 -- Attendance: 2521 (72.03%) -- Ticket Income $151,260
Level 4 -- Attendance: 1672 (59.31%) -- Ticket Income $83,600
Luxury Box -- Attendance: 1000 (100.00%) -- Ticket Income $200,000
Game was played at the Air Canada Center'
Total Attendance: 15957 (84.79%)
Total Ticket Income: $1,403,360
Other Income: $210,504
Total Income: $1,613,864

% Time on Ice - Canucks

Lines # - Real PCT - Wanted PCT - Time Play
Normal Forward
1 - 35% - 34% - 15:47
2 - 32% - 31% - 14:41
3 - 25% - 25% - 11:23
4 - 8% - 10% - 3:40
Normal Defense
1 - 37% - 34% - 16:52
2 - 33% - 32% - 15:10
3 - 24% - 25% - 11:00
4 - 5% - 9% - 2:29
PP Forward
1 - 64% - 60% - 4:10
2 - 36% - 40% - 2:23
PP Defense
1 - 50% - 62% - 3:17
2 - 50% - 38% - 3:16
PK Forward
1 - 59% - 60% - 3:31
2 - 41% - 40% - 2:26
PK Defense
1 - 43% - 50% - 2:32
2 - 57% - 50% - 3:25
PK3 Forward
1 - 0% - 60%
2 - 0% - 40%
PK3 Defense
1 - 0% - 60%
2 - 0% - 40%
44 Forward
1 - 77% - 52% - 1:32
2 - 23% - 48% - 0:27
44 Defense
1 - 47% - 51% - 0:56
2 - 53% - 49% - 1:03
Last Minute Offensive  - 0:00
Last Minute Defensive  - 0:00
Total
Forward - 60:00
Defense - 60:00

% Time on Ice - MapleLeafs

Lines # - Real PCT - Wanted PCT - Time Play
Normal Forward
1 - 36% - 36% - 16:10
2 - 30% - 28% - 13:36
3 - 24% - 24% - 11:07
4 - 10% - 12% - 4:38
Normal Defense
1 - 36% - 40% - 16:26
2 - 33% - 30% - 15:08
3 - 24% - 20% - 11:00
4 - 6% - 10% - 2:57
PP Forward
1 - 57% - 60% - 3:25
2 - 43% - 40% - 2:32
PP Defense
1 - 45% - 60% - 2:40
2 - 55% - 40% - 3:17
PK Forward
1 - 79% - 60% - 5:09
2 - 21% - 40% - 1:24
PK Defense
1 - 41% - 60% - 2:43
2 - 59% - 40% - 3:50
PK3 Forward
1 - 0% - 60%
2 - 0% - 40%
PK3 Defense
1 - 0% - 60%
2 - 0% - 40%
44 Forward
1 - 100% - 60% - 1:59
2 - 0% - 40% - 0:00
44 Defense
1 - 61% - 60% - 1:13
2 - 39% - 40% - 0:46
Last Minute Offensive  - 0:00
Last Minute Defensive  - 0:00
Total
Forward - 60:00
Defense - 60:00

Play by Play

1st period


0:01 of 1st period - Antoine Vermette wins face-off versus Claude Giroux in neutral zone.
0:07 of 1st period - Vladimir Tarasenko is hit by P.K. Subban and loses puck.
0:23 of 1st period - Claude Giroux is hit by Nick Holden and loses puck.
1:39 of 1st period - Shot by Patrick Marleau.
1:39 of 1st period - Goal by Patrick Marleau - Canucks : 0 - MapleLeafs : 1.
1:40 of 1st period - Nazem Kadri wins face-off versus Brock Nelson in neutral zone.
1:51 of 1st period - Shot by Brent Burns.
1:51 of 1st period - Stopped by Ryan Miller without a rebound.
1:52 of 1st period - Devante Smith-Pelly wins face-off versus Nazem Kadri in MapleLeafs zone.
2:33 of 1st period - Shot by Nazem Kadri.
2:33 of 1st period - Stopped by Ryan Miller without a rebound.
2:34 of 1st period - Patrick Marleau wins face-off versus Marcus Kruger in MapleLeafs zone.
2:34 of 1st period - Antoine Roussel is hit by Vladimir Sobotka and loses puck.
2:54 of 1st period - Shot by Dmitry Kulikov.
2:54 of 1st period - Stopped by Ryan Miller without a rebound.
2:55 of 1st period - Claude Giroux wins face-off versus Antoine Vermette in MapleLeafs zone.
3:16 of 1st period - Adam Henrique is hit by Evander Kane and loses puck.
3:39 of 1st period - Shot by Evander Kane.
3:39 of 1st period - Stopped by Dustin Tokarski without a rebound.
3:40 of 1st period - Logan Couture wins face-off versus Brock Nelson in Canucks zone.
3:57 of 1st period - Shot by Logan Couture.
3:57 of 1st period - Shot Misses the Net.
3:59 of 1st period - Shot by Ryan OReilly.
3:59 of 1st period - Goal by Ryan OReilly - Canucks : 1 - MapleLeafs : 1.
4:00 of 1st period - Patrick Marleau wins face-off versus Nazem Kadri in neutral zone.
4:31 of 1st period - Shot by Patrick Marleau.
4:31 of 1st period - Stopped by Dustin Tokarski with a rebound.
5:05 of 1st period - Shot by Brock Nelson.
5:05 of 1st period - Shot Misses the Net.
5:11 of 1st period - Shot by Brock Nelson.
5:11 of 1st period - Stopped by Dustin Tokarski without a rebound.
5:12 of 1st period - Antoine Vermette wins face-off versus Logan Couture in Canucks zone.
5:28 of 1st period - Logan Couture is hit by Alexei Emelin and loses puck.
5:37 of 1st period - Erik Karlsson is hit by Evander Kane and loses puck.
5:42 of 1st period - Shot by Antoine Vermette.
5:42 of 1st period - Stopped by Dustin Tokarski without a rebound.
5:43 of 1st period - Brock Nelson wins face-off versus Claude Giroux in Canucks zone.
6:06 of 1st period - Jay Bouwmeester is hit by P.K. Subban and loses puck.
6:17 of 1st period - Shot by Ryan Johansen.
6:17 of 1st period - Shot Misses the Net.
6:29 of 1st period - Shot by Claude Giroux.
6:29 of 1st period - Stopped by Ryan Miller without a rebound.
6:30 of 1st period - Patrick Marleau wins face-off versus Logan Couture in MapleLeafs zone.
8:10 of 1st period - Icing by Jonas Brodin.
8:11 of 1st period - Nazem Kadri wins face-off versus Brock Nelson in Canucks zone.
9:01 of 1st period - Jay Bouwmeester is hit by P.K. Subban and loses puck.
9:24 of 1st period - Shot by Antoine Roussel.
9:24 of 1st period - Shot Misses the Net.
9:36 of 1st period - Shot by Claude Giroux.
9:36 of 1st period - Shot Misses the Net.
9:46 of 1st period - Shot by Antoine Roussel.
9:46 of 1st period - Shot Hit the Post.
9:48 of 1st period - Shot by Milan Lucic.
9:48 of 1st period - Shot Misses the Net.
9:49 of 1st period - Minor Penalty to P.K. Subban for Tripping.
9:50 of 1st period - Patrick Marleau wins face-off versus Ryan OReilly in Canucks zone.
9:59 of 1st period - Shot by Vladimir Tarasenko.
9:59 of 1st period - Stopped by Dustin Tokarski without a rebound.
10:00 of 1st period - Ryan OReilly wins face-off versus Patrick Marleau in Canucks zone.
10:30 of 1st period - Icing by Jay Bouwmeester.
10:31 of 1st period - Patrick Marleau wins face-off versus Ryan OReilly in MapleLeafs zone.
10:36 of 1st period - Shot by Jay Bouwmeester.
10:36 of 1st period - Stopped by Dustin Tokarski without a rebound.
10:37 of 1st period - Antoine Vermette wins face-off versus Ryan OReilly in Canucks zone.
10:54 of 1st period - Shot by Milan Lucic.
10:54 of 1st period - Shot Misses the Net.
10:56 of 1st period - Shot by Antoine Vermette.
10:56 of 1st period - Stopped by Dustin Tokarski without a rebound.
10:57 of 1st period - Marcus Kruger wins face-off versus Patrick Marleau in Canucks zone.
11:20 of 1st period - Shot by Nikita Nikitin.
11:20 of 1st period - Shot Misses the Net.
11:56 of 1st period - Shot by Erik Karlsson.
11:56 of 1st period - Stopped by Ryan Miller without a rebound.
11:57 of 1st period - Gregory Campbell wins face-off versus Nazem Kadri in MapleLeafs zone.
11:57 of 1st period - Gregory Campbell is hit by Chris Kreider.
12:02 of 1st period - Off-side.
12:03 of 1st period - Logan Couture wins face-off versus Gregory Campbell in neutral zone.
12:03 of 1st period - Ryan OReilly is hit by Devante Smith-Pelly and loses puck.
12:07 of 1st period - Off-side.
12:08 of 1st period - Antoine Vermette wins face-off versus Logan Couture in neutral zone.
12:20 of 1st period - Icing by Ryan OReilly.
12:21 of 1st period - Logan Couture wins face-off versus Linden Vey in Canucks zone.
12:41 of 1st period - Off-side.
12:42 of 1st period - Antoine Vermette wins face-off versus Claude Giroux in neutral zone.
12:46 of 1st period - Off-side.
12:47 of 1st period - Antoine Vermette wins face-off versus Marcus Kruger in neutral zone.
13:43 of 1st period - Shot by Milan Lucic.
13:43 of 1st period - Stopped by Dustin Tokarski with a rebound.
13:45 of 1st period - Shot by Milan Lucic.
13:45 of 1st period - Shot Blocked by Marcus Kruger.
13:58 of 1st period - Icing by Alex Pietrangelo.
13:59 of 1st period - Marcus Kruger wins face-off versus Brock Nelson in Canucks zone.
14:03 of 1st period - Off-side.
14:04 of 1st period - Brock Nelson wins face-off versus Claude Giroux in neutral zone.
14:10 of 1st period - Brock Nelson is hit by Erik Karlsson and loses puck.
14:25 of 1st period - Shot by Devante Smith-Pelly.
14:25 of 1st period - Shot Misses the Net.
14:27 of 1st period - Shot by Devante Smith-Pelly.
14:27 of 1st period - Shot Blocked by Andrei Markov.
14:29 of 1st period - Shot by Devante Smith-Pelly.
14:29 of 1st period - Shot Blocked by Andrei Markov.
14:54 of 1st period - Icing by Alexei Emelin.
14:55 of 1st period - Brock Nelson wins face-off versus Nazem Kadri in MapleLeafs zone.
15:04 of 1st period - Shot by Chris Kreider.
15:04 of 1st period - Stopped by Ryan Miller without a rebound.
15:05 of 1st period - Logan Couture wins face-off versus Antoine Vermette in MapleLeafs zone.
15:18 of 1st period - Shot by Ryan OReilly.
15:18 of 1st period - Stopped by Ryan Miller without a rebound.
15:19 of 1st period - Patrick Marleau wins face-off versus Nazem Kadri in MapleLeafs zone.
15:25 of 1st period - Minor Penalty to Milan Lucic for Roughing.
15:26 of 1st period - Patrick Marleau wins face-off versus Claude Giroux in MapleLeafs zone.
17:27 of 1st period - Justin Braun is hit by Jay Beagle and loses puck.
19:30 of 1st period - Shot by Milan Lucic.
19:30 of 1st period - Stopped by Dustin Tokarski without a rebound.
19:31 of 1st period - Gregory Campbell wins face-off versus Chris Kreider in Canucks zone.
Goals for this period are 1 for Canucks vs 1 for MapleLeafs.
Shots for this period are 8 for Canucks vs 10 for MapleLeafs.

2nd period


0:01 of 2nd period - Antoine Vermette wins face-off versus Ryan OReilly in neutral zone.
0:12 of 2nd period - Shot by Evander Kane.
0:12 of 2nd period - Stopped by Dustin Tokarski without a rebound.
0:13 of 2nd period - Claude Giroux wins face-off versus Patrick Marleau in Canucks zone.
0:18 of 2nd period - Shot by Ryan Johansen.
0:18 of 2nd period - Stopped by Ryan Miller without a rebound.
0:19 of 2nd period - Antoine Vermette wins face-off versus Logan Couture in MapleLeafs zone.
0:25 of 2nd period - Phil Kessel is hit by Jay Bouwmeester and loses puck.
0:31 of 2nd period - Phil Kessel is hit by Nick Holden.
0:33 of 2nd period - Shot by Dmitry Kulikov.
0:33 of 2nd period - Shot Hit the Post.
1:01 of 2nd period - Shot by Phil Kessel.
1:01 of 2nd period - Shot Misses the Net.
1:03 of 2nd period - Shot by Ryan OReilly.
1:03 of 2nd period - Goal by Ryan OReilly - Canucks : 2 - MapleLeafs : 1.
1:04 of 2nd period - Claude Giroux wins face-off versus Patrick Marleau in neutral zone.
2:21 of 2nd period - Nazem Kadri is hit by Devante Smith-Pelly and loses puck.
2:41 of 2nd period - Shot by Gregory Campbell.
2:41 of 2nd period - Stopped by Dustin Tokarski with a rebound.
2:48 of 2nd period - Shot by Linden Vey.
2:48 of 2nd period - Stopped by Dustin Tokarski without a rebound.
2:49 of 2nd period - Logan Couture wins face-off versus Antoine Vermette in Canucks zone.
3:16 of 2nd period - Shot by Evander Kane.
3:16 of 2nd period - Shot Misses the Net.
3:18 of 2nd period - Shot by Evander Kane.
3:18 of 2nd period - Stopped by Dustin Tokarski with a rebound.
3:20 of 2nd period - Shot by Vladimir Tarasenko.
3:20 of 2nd period - Shot Misses the Net.
3:22 of 2nd period - Shot by Vladimir Tarasenko.
3:22 of 2nd period - Shot Misses the Net.
3:26 of 2nd period - Shot by Antoine Vermette.
3:26 of 2nd period - Shot Misses the Net.
4:12 of 2nd period - Shot by Adam Henrique.
4:12 of 2nd period - Shot Blocked by Scott Mayfield.
4:25 of 2nd period - Claude Giroux is hit by Alexei Emelin and loses puck.
4:48 of 2nd period - Shot by Milan Lucic.
4:48 of 2nd period - Stopped by Dustin Tokarski without a rebound.
4:49 of 2nd period - Antoine Vermette wins face-off versus Nazem Kadri in Canucks zone.
4:49 of 2nd period - Antoine Vermette is hit by Jonas Brodin.
4:53 of 2nd period - Shot by Evander Kane.
4:53 of 2nd period - Shot Misses the Net.
4:56 of 2nd period - Minor Penalty to Evander Kane for Holding Stick.
4:56 of 2nd period - Minor Penalty to Chris Kreider for Roughing.
4:57 of 2nd period - Patrick Marleau wins face-off versus Marcus Kruger in neutral zone.
5:11 of 2nd period - Shot by Nazem Kadri.
5:11 of 2nd period - Deflect By Marcus Kruger.
5:11 of 2nd period - Shot Misses the Net.
5:15 of 2nd period - Shot by Brent Burns.
5:15 of 2nd period - Shot Misses the Net.
5:21 of 2nd period - Shot by Marcus Kruger.
5:21 of 2nd period - Shot Misses the Net.
5:23 of 2nd period - Shot by Marcus Kruger.
5:23 of 2nd period - Stopped by Ryan Miller without a rebound.
5:24 of 2nd period - Patrick Marleau wins face-off versus Adam Henrique in MapleLeafs zone.
5:24 of 2nd period - Patrick Marleau is hit by Adam Henrique.
6:01 of 2nd period - Alexei Emelin is hit by P.K. Subban and loses puck.
6:09 of 2nd period - Icing by P.K. Subban.
6:10 of 2nd period - Adam Henrique wins face-off versus Brock Nelson in Canucks zone.
6:37 of 2nd period - Icing by Brent Burns.
6:38 of 2nd period - Adam Henrique wins face-off versus Patrick Marleau in Canucks zone.
6:43 of 2nd period - Jay Bouwmeester is hit by Vladimir Sobotka and loses puck.
7:05 of 2nd period - Minor Penalty to Eric Gelinas for Hooking.
7:06 of 2nd period - Claude Giroux wins face-off versus Patrick Marleau in MapleLeafs zone.
7:09 of 2nd period - Shot by Claude Giroux.
7:09 of 2nd period - Deflect By Phil Kessel.
7:09 of 2nd period - Shot Blocked by Evander Kane.
7:37 of 2nd period - Shot by Ryan Johansen.
7:37 of 2nd period - Shot Misses the Net.
7:39 of 2nd period - Shot by Alex Pietrangelo.
7:39 of 2nd period - Shot Misses the Net.
7:41 of 2nd period - Shot by P.K. Subban.
7:41 of 2nd period - Goal by P.K. Subban - Canucks : 3 - MapleLeafs : 1.
7:42 of 2nd period - Brock Nelson wins face-off versus Nazem Kadri in neutral zone.
7:57 of 2nd period - Jay Bouwmeester is hit by Brent Burns and loses puck.
8:21 of 2nd period - Devante Smith-Pelly is hit by Erik Karlsson and loses puck.
8:44 of 2nd period - Shot by Vladimir Tarasenko.
8:44 of 2nd period - Stopped by Dustin Tokarski without a rebound.
8:45 of 2nd period - Logan Couture wins face-off versus Patrick Marleau in Canucks zone.
9:18 of 2nd period - Shot by Logan Couture.
9:18 of 2nd period - Shot Misses the Net.
10:06 of 2nd period - Shot by Justin Braun.
10:06 of 2nd period - Stopped by Ryan Miller without a rebound.
10:07 of 2nd period - Claude Giroux wins face-off versus Devante Smith-Pelly in MapleLeafs zone.
10:21 of 2nd period - Scott Mayfield is hit by Erik Karlsson and loses puck.
10:39 of 2nd period - Off-side.
10:40 of 2nd period - Antoine Vermette wins face-off versus Nazem Kadri in neutral zone.
11:05 of 2nd period - Shot by Chris Kreider.
11:05 of 2nd period - Shot Hit the Post.
11:13 of 2nd period - Shot by Antoine Vermette.
11:13 of 2nd period - Shot Misses the Net.
11:15 of 2nd period - Shot by Antoine Vermette.
11:15 of 2nd period - Shot Misses the Net.
11:17 of 2nd period - Shot by Antoine Vermette.
11:17 of 2nd period - Stopped by Dustin Tokarski without a rebound.
11:18 of 2nd period - Logan Couture wins face-off versus Patrick Marleau in Canucks zone.
11:18 of 2nd period - Logan Couture is hit by Milan Lucic.
11:25 of 2nd period - Minor Penalty to Alexei Emelin for Tripping.
11:26 of 2nd period - Claude Giroux wins face-off versus Patrick Marleau in MapleLeafs zone.
11:48 of 2nd period - Patrick Marleau is hit by P.K. Subban and loses puck.
12:36 of 2nd period - Shot by Ryan OReilly.
12:36 of 2nd period - Shot Misses the Net.
12:38 of 2nd period - Shot by Erik Karlsson.
12:38 of 2nd period - Stopped by Ryan Miller without a rebound.
12:39 of 2nd period - Logan Couture wins face-off versus Patrick Marleau in MapleLeafs zone.
12:42 of 2nd period - Shot by Ryan OReilly.
12:42 of 2nd period - Shot Misses the Net.
12:58 of 2nd period - Shot by Erik Karlsson.
12:58 of 2nd period - Stopped by Ryan Miller without a rebound.
12:59 of 2nd period - Claude Giroux wins face-off versus Patrick Marleau in MapleLeafs zone.
13:04 of 2nd period - Shot by Alex Pietrangelo.
13:04 of 2nd period - Stopped by Ryan Miller without a rebound.
13:05 of 2nd period - Patrick Marleau wins face-off versus Phil Kessel in MapleLeafs zone.
13:40 of 2nd period - Logan Couture is hit by Jay Bouwmeester and loses puck.
14:21 of 2nd period - Minor Penalty to Adam Henrique for Hooking.
14:22 of 2nd period - Patrick Marleau wins face-off versus Ryan OReilly in Canucks zone.
14:23 of 2nd period - Shot by Nikita Nikitin.
14:23 of 2nd period - Stopped by Dustin Tokarski with a rebound.
14:25 of 2nd period - Shot by Alexei Emelin.
14:25 of 2nd period - Shot Misses the Net.
14:29 of 2nd period - Shot by Vladimir Tarasenko.
14:29 of 2nd period - Shot Misses the Net.
14:31 of 2nd period - Shot by Alexei Emelin.
14:31 of 2nd period - Shot Misses the Net.
14:33 of 2nd period - Shot by Alexei Emelin.
14:33 of 2nd period - Stopped by Dustin Tokarski with a rebound.
14:35 of 2nd period - Shot by Evander Kane.
14:35 of 2nd period - Shot Misses the Net.
15:23 of 2nd period - Shot by Jay Bouwmeester.
15:23 of 2nd period - Shot Blocked by Jonas Brodin.
15:25 of 2nd period - Shot by Milan Lucic.
15:25 of 2nd period - Shot Misses the Net.
15:37 of 2nd period - Shot by Nick Holden.
15:37 of 2nd period - Stopped by Dustin Tokarski without a rebound.
15:38 of 2nd period - Antoine Vermette wins face-off versus Ryan OReilly in Canucks zone.
15:53 of 2nd period - Shot by Antoine Vermette.
15:53 of 2nd period - Shot Misses the Net.
15:57 of 2nd period - Shot by Jay Bouwmeester.
15:57 of 2nd period - Stopped by Dustin Tokarski with a rebound.
15:59 of 2nd period - Shot by Milan Lucic.
15:59 of 2nd period - Stopped by Dustin Tokarski without a rebound.
16:00 of 2nd period - Marcus Kruger wins face-off versus Patrick Marleau in Canucks zone.
16:13 of 2nd period - Shot by Nikita Nikitin.
16:13 of 2nd period - Shot Misses the Net.
16:19 of 2nd period - Shot by Evander Kane.
16:19 of 2nd period - Stopped by Dustin Tokarski without a rebound.
16:20 of 2nd period - Antoine Vermette wins face-off versus Ryan OReilly in Canucks zone.
16:24 of 2nd period - Icing by Erik Karlsson.
16:25 of 2nd period - Jay Beagle wins face-off versus Claude Giroux in Canucks zone.
16:42 of 2nd period - Brock Nelson is hit by Andrei Markov and loses puck.
18:25 of 2nd period - Shot by Nazem Kadri.
18:25 of 2nd period - Shot Misses the Net.
18:27 of 2nd period - Shot by Justin Braun.
18:27 of 2nd period - Shot Blocked by Nick Holden.
18:29 of 2nd period - Shot by Brent Burns.
18:29 of 2nd period - Shot Misses the Net.
18:31 of 2nd period - Shot by Jonas Brodin.
18:31 of 2nd period - Goal by Jonas Brodin - Canucks : 4 - MapleLeafs : 1.
18:31 of 2nd period - Petr Mrazek enters game.
18:32 of 2nd period - Nazem Kadri wins face-off versus Patrick Marleau in neutral zone.
18:34 of 2nd period - Minor Penalty to Alexei Emelin for Tripping.
18:35 of 2nd period - Patrick Marleau wins face-off versus Claude Giroux in MapleLeafs zone.
19:03 of 2nd period - Shot by Brent Burns.
19:03 of 2nd period - Shot Misses the Net.
19:39 of 2nd period - Shot by P.K. Subban.
19:39 of 2nd period - Stopped by Petr Mrazek with a rebound.
19:41 of 2nd period - Shot by Ryan OReilly.
19:41 of 2nd period - Stopped by Petr Mrazek without a rebound.
19:42 of 2nd period - Patrick Marleau wins face-off versus Logan Couture in MapleLeafs zone.
19:50 of 2nd period - Icing by P.K. Subban.
19:51 of 2nd period - Logan Couture wins face-off versus Patrick Marleau in Canucks zone.
19:51 of 2nd period - Logan Couture is hit by Evander Kane.
Goals for this period are 3 for Canucks vs 0 for MapleLeafs.
Shots for this period are 11 for Canucks vs 13 for MapleLeafs.

3rd period


0:01 of 3rd period - Claude Giroux wins face-off versus Patrick Marleau in neutral zone.
1:51 of 3rd period - Shot by Ryan Johansen.
1:51 of 3rd period - Stopped by Petr Mrazek with a rebound.
1:53 of 3rd period - Shot by Erik Karlsson.
1:53 of 3rd period - Goal by Erik Karlsson - Canucks : 5 - MapleLeafs : 1.
1:54 of 3rd period - Ryan Johansen wins face-off versus Antoine Vermette in neutral zone.
1:59 of 3rd period - Shot by Claude Giroux.
1:59 of 3rd period - Stopped by Petr Mrazek with a rebound.
2:15 of 3rd period - Shot by Claude Giroux.
2:15 of 3rd period - Stopped by Petr Mrazek without a rebound.
2:16 of 3rd period - Patrick Marleau wins face-off versus Nazem Kadri in MapleLeafs zone.
2:16 of 3rd period - Nick Holden is hit by Nazem Kadri and loses puck.
2:25 of 3rd period - Shot by Brent Burns.
2:25 of 3rd period - Shot Misses the Net.
2:52 of 3rd period - Shot by Nazem Kadri.
2:52 of 3rd period - Shot Misses the Net.
3:44 of 3rd period - Shot by Evander Kane.
3:44 of 3rd period - Stopped by Dustin Tokarski without a rebound.
3:45 of 3rd period - Brock Nelson wins face-off versus Logan Couture in Canucks zone.
4:18 of 3rd period - Shot by Ryan OReilly.
4:18 of 3rd period - Shot Blocked by Brock Nelson.
4:33 of 3rd period - Icing by Alex Pietrangelo.
4:34 of 3rd period - Antoine Vermette wins face-off versus Logan Couture in Canucks zone.
5:06 of 3rd period - Minor Penalty to Adam Henrique for Hooking.
5:07 of 3rd period - Ryan OReilly wins face-off versus Antoine Vermette in Canucks zone.
5:07 of 3rd period - Logan Couture is hit by Antoine Roussel and loses puck.
5:15 of 3rd period - Icing by Nikita Nikitin.
5:16 of 3rd period - Ryan OReilly wins face-off versus Antoine Vermette in MapleLeafs zone.
5:43 of 3rd period - Shot by Alexei Emelin.
5:43 of 3rd period - Stopped by Dustin Tokarski with a rebound.
6:46 of 3rd period - Shot by Patrick Marleau.
6:46 of 3rd period - Stopped by Dustin Tokarski with a rebound.
7:12 of 3rd period - Shot by Devante Smith-Pelly.
7:12 of 3rd period - Shot Misses the Net.
7:16 of 3rd period - Shot by Brock Nelson.
7:16 of 3rd period - Stopped by Dustin Tokarski without a rebound.
7:17 of 3rd period - Claude Giroux wins face-off versus Gregory Campbell in Canucks zone.
8:28 of 3rd period - Shot by Milan Lucic.
8:28 of 3rd period - Stopped by Dustin Tokarski without a rebound.
8:29 of 3rd period - Logan Couture wins face-off versus Antoine Vermette in Canucks zone.
8:29 of 3rd period - Logan Couture is hit by Evander Kane.
8:44 of 3rd period - Shot by Jay Bouwmeester.
8:44 of 3rd period - Shot Misses the Net.
9:23 of 3rd period - Ryan OReilly is hit by Alexei Emelin and loses puck.
10:00 of 3rd period - Brent Burns is hit by Antoine Roussel.
10:05 of 3rd period - Icing by Erik Karlsson.
10:06 of 3rd period - Nazem Kadri wins face-off versus Brock Nelson in Canucks zone.
10:06 of 3rd period - Nazem Kadri is hit by Jay Beagle.
10:09 of 3rd period - Icing by Erik Karlsson.
10:10 of 3rd period - Brock Nelson wins face-off versus Nazem Kadri in Canucks zone.
10:10 of 3rd period - Brock Nelson is hit by Erik Karlsson.
10:20 of 3rd period - Shot by Devante Smith-Pelly.
10:20 of 3rd period - Goal by Devante Smith-Pelly - Canucks : 5 - MapleLeafs : 2.
10:21 of 3rd period - Claude Giroux wins face-off versus Antoine Vermette in neutral zone.
10:56 of 3rd period - Shot by Evander Kane.
10:56 of 3rd period - Deflect By Vladimir Tarasenko.
10:56 of 3rd period - Shot Misses the Net.
10:58 of 3rd period - Shot by Nick Holden.
10:58 of 3rd period - Goal by Nick Holden - Canucks : 5 - MapleLeafs : 3.
10:59 of 3rd period - Patrick Marleau wins face-off versus Logan Couture in neutral zone.
11:44 of 3rd period - Milan Lucic is hit by Logan Couture and loses puck.
12:06 of 3rd period - Icing by Alexei Emelin.
12:07 of 3rd period - Adam Henrique wins face-off versus Patrick Marleau in MapleLeafs zone.
12:34 of 3rd period - Shot by Ryan Johansen.
12:34 of 3rd period - Shot Misses the Net.
12:38 of 3rd period - Shot by Adam Henrique.
12:38 of 3rd period - Deflect By Claude Giroux.
12:38 of 3rd period - Stopped by Petr Mrazek with a rebound.
12:40 of 3rd period - Shot by Claude Giroux.
12:40 of 3rd period - Stopped by Petr Mrazek with a rebound.
12:42 of 3rd period - Shot by Jonas Brodin.
12:42 of 3rd period - Stopped by Petr Mrazek without a rebound.
12:43 of 3rd period - Antoine Vermette wins face-off versus Nazem Kadri in MapleLeafs zone.
12:43 of 3rd period - Antoine Vermette is hit by Chris Kreider.
12:46 of 3rd period - Jay Bouwmeester is hit by Brent Burns.
12:50 of 3rd period - Shot by Vladimir Tarasenko.
12:50 of 3rd period - Stopped by Dustin Tokarski without a rebound.
12:51 of 3rd period - Antoine Vermette wins face-off versus Logan Couture in Canucks zone.
13:08 of 3rd period - Shot by Vladimir Tarasenko.
13:08 of 3rd period - Shot Misses the Net.
13:16 of 3rd period - Shot by Evander Kane.
13:16 of 3rd period - Stopped by Dustin Tokarski without a rebound.
13:17 of 3rd period - Adam Henrique wins face-off versus Devante Smith-Pelly in Canucks zone.
13:28 of 3rd period - Justin Braun is hit by Devante Smith-Pelly and loses puck.
14:19 of 3rd period - P.K. Subban is hit by Evander Kane and loses puck.
14:39 of 3rd period - Icing by Nick Holden.
14:40 of 3rd period - Logan Couture wins face-off versus Antoine Vermette in MapleLeafs zone.
14:53 of 3rd period - Shot by Ryan OReilly.
14:53 of 3rd period - Stopped by Petr Mrazek without a rebound.
14:54 of 3rd period - Patrick Marleau wins face-off versus Marcus Kruger in MapleLeafs zone.
15:01 of 3rd period - Marcus Kruger is hit by Milan Lucic and loses puck.
15:08 of 3rd period - Shot by Vladimir Sobotka.
15:08 of 3rd period - Shot Blocked by Milan Lucic.
15:20 of 3rd period - Shot by Phil Kessel.
15:20 of 3rd period - Shot Blocked by Nikita Nikitin.
15:57 of 3rd period - Shot by Brock Nelson.
15:57 of 3rd period - Shot Misses the Net.
16:09 of 3rd period - Off-side.
16:10 of 3rd period - Antoine Vermette wins face-off versus Claude Giroux in neutral zone.
16:14 of 3rd period - Off-side.
16:15 of 3rd period - Antoine Vermette wins face-off versus Claude Giroux in neutral zone.
16:28 of 3rd period - Shot by Antoine Vermette.
16:28 of 3rd period - Stopped by Dustin Tokarski without a rebound.
16:29 of 3rd period - Nazem Kadri wins face-off versus Patrick Marleau in Canucks zone.
16:29 of 3rd period - Nazem Kadri is hit by Antoine Roussel.
17:23 of 3rd period - Off-side.
17:24 of 3rd period - Antoine Vermette wins face-off versus Claude Giroux in neutral zone.
17:27 of 3rd period - Shot by Jay Bouwmeester.
17:27 of 3rd period - Stopped by Dustin Tokarski without a rebound.
17:28 of 3rd period - Antoine Vermette wins face-off versus Claude Giroux in Canucks zone.
17:34 of 3rd period - Icing by Erik Karlsson.
17:35 of 3rd period - Antoine Vermette wins face-off versus Claude Giroux in Canucks zone.
17:44 of 3rd period - Shot by Vladimir Tarasenko.
17:44 of 3rd period - Shot Misses the Net.
17:53 of 3rd period - Erik Karlsson is hit by Nick Holden and loses puck.
17:56 of 3rd period - Shot by Andrei Markov.
17:56 of 3rd period - Stopped by Petr Mrazek without a rebound.
17:57 of 3rd period - Brock Nelson wins face-off versus Logan Couture in MapleLeafs zone.
18:08 of 3rd period - Shot by Eric Gelinas.
18:08 of 3rd period - Shot Misses the Net.
18:17 of 3rd period - Icing by Logan Couture.
18:18 of 3rd period - Evander Kane wins face-off versus Logan Couture in Canucks zone.
18:59 of 3rd period - Shot by Vladimir Tarasenko.
18:59 of 3rd period - Stopped by Dustin Tokarski without a rebound.
19:00 of 3rd period - Patrick Marleau wins face-off versus Claude Giroux in Canucks zone.
19:08 of 3rd period - Shot by Claude Giroux.
19:08 of 3rd period - Stopped by Petr Mrazek without a rebound.
19:09 of 3rd period - Patrick Marleau wins face-off versus Claude Giroux in MapleLeafs zone.
19:29 of 3rd period - Ryan Johansen is hit by Alexei Emelin.
Goals for this period are 1 for Canucks vs 2 for MapleLeafs.
Shots for this period are 10 for Canucks vs 12 for MapleLeafs.


Output by the SimonT Hockey Simulator (STHS) for Stephane Roy -- Original Page W3C XHTML 1.0 Valid
Hockey Simulator - Hockey Simulation - Hockey Manager